 Dungeon Crawl Stone Soup version 0.30-a0-122-g2a1322497e (webtiles) character file.

Game seed: 7440451672534713154

3208 NinjaNoafa the Slicer (level 9, -3/81 HPs)
             Began as a Gnoll Wanderer on Sept 15, 2022.
             Was an Initiate of the Shining One.
             Shot with a bolt by a tengu warrior (29 damage)
             ... on level 10 of the Dungeon.
             The game lasted 00:18:37 (7508 turns).

NinjaNoafa the Slicer (Gnoll Wanderer)              Turns: 7508, Time: 00:18:37

Health: -3/81      AC:  6    Str: 13    XL:     9   Next: 97%
Magic:  16/16      EV: 14    Int:  8    God:    the Shining One [......]
Gold:   111        SH:  0    Dex: 31    Spells: 16/17 levels left

rFire   + . .      SeeInvis .    n - +7 arbalest of Imminent Death {speed, *Corrode Will+ Dex+5}
rCold   + + +      Faith    .    (shield currently unavailable)
rNeg    . . .      Spirit   .    x - +2 robe "Ziluul" {*Corrode rC+++ Will++ Stlth-}
rPois   .          Reflect  .    z - +2 helmet
rElec   .          Harm     .    (no cloak)
rCorr   .          Rampage  .    (no gloves)
Will    +++++                    r - +0 pair of boots
Stlth   +.........               C - amulet of the acrobat
HPRegen 0.23/turn                h - ring of willpower
MPRegen 0.15/turn                u - +6 ring of strength

@: corroded, glowing
A: fangs 1, strong nose, distributed training, iridescent scales 1, agile 1,
fire resistance 1, strong-willed 1, noise suppression
a: Renounce Religion


You were on level 10 of the Dungeon.
You worshipped the Shining One.
The Shining One was noncommittal.
You visited 2 branches of the dungeon, and saw 11 of its levels.
You also visited: Ossuary.

You collected 381 gold pieces.
You spent 270 gold pieces at shops.

Inventory:

Hand Weapons
 n - the +7 arbalest of Imminent Death (weapon) {speed, *Corrode Will+ Dex+5}
   (You found it on level 3 of the Dungeon)

   Attacks with this weapon are significantly faster.
   Dex:       It affects your dexterity (+5).
   *Corrode:  It may corrode you when you take damage.
   Will:      It increases your willpower.
 G - a +3 dagger
Missiles
 c - 6 atropa-tipped darts
 f - 85 stones
 j - 10 poisoned darts
 p - 5 boomerangs
 w - 14 javelins
 y - 2 throwing nets
 D - 2 curare-tipped darts
Armour
 r - a +0 pair of boots (worn)
 x - the +2 robe "Ziluul" (worn) {*Corrode rC+++ Will++ Stlth-}
   (You found it on level 5 of the Dungeon)

   rC:        It renders you almost immune to cold.
   *Corrode:  It may corrode you when you take damage.
   Will:      It greatly increases your willpower.
   Stlth:     It makes you less stealthy.
 z - a +2 helmet (worn)
Jewellery
 h - a ring of willpower (left hand)
 s - an amulet of magic regeneration
 u - a +6 ring of strength (right hand)
 C - an amulet of the acrobat (around neck)
Wands
 v - a wand of mindburst (7)
Scrolls
 b - 2 scrolls of vulnerability
 d - 2 scrolls of noise
 e - 3 scrolls of poison
 k - a scroll of amnesia
 o - 3 scrolls of teleportation
Potions
 g - a potion of curing
 i - a potion of attraction
 l - 2 potions of brilliance
 m - 3 potions of flight
 A - 3 potions of haste
 B - a potion of ambrosia
 E - a potion of mutation


   Skills:
 + Level 11.5(7.5) Fighting
 + Level 11.5(7.5) Short Blades
 + Level 4.9(2.4) Long Blades
 + Level 4.9(2.4) Axes
 + Level 4.9(2.4) Maces & Flails
 + Level 4.9(2.4) Polearms
 + Level 4.9(2.4) Staves
 + Level 4.9(2.4) Ranged Weapons
 + Level 4.9(2.4) Throwing
 + Level 4.9(2.4) Armour
 + Level 4.9(2.4) Dodging
 + Level 4.9(2.4) Stealth
 + Level 4.9(2.4) Shields
 + Level 4.9(2.4) Unarmed Combat
 + Level 4.9(2.4) Spellcasting
 + Level 4.1(2.0) Conjurations
 + Level 4.1(2.0) Hexes
 + Level 4.1(2.0) Summonings
 + Level 4.1(2.0) Necromancy
 + Level 4.1(2.0) Translocations
 + Level 4.1(2.0) Transmutations
 + Level 4.1(2.0) Fire Magic
 + Level 4.1(2.0) Ice Magic
 + Level 4.1(2.0) Air Magic
 + Level 4.1(2.0) Earth Magic
 + Level 4.1(2.0) Poison Magic
 + Level 5.4(2.7) Invocations
 + Level 4.9(2.4) Evocations


You had 16 spell levels left.
You knew the following spells:

 Your Spells              Type           Power      Damage    Failure   Level
a - Magic Dart            Conj           16%        1d3       14%         1

Your spell library contained the following spells:

 Spells                   Type           Power      Damage    Failure   Level
 Apportation              Tloc           8%         N/A       14%         1
 Necrotise                Necr           16%        1d4       14%         1
 Summon Small Mammal      Summ           16%        N/A       14%         1
 Searing Ray              Conj           8%         2d4       22%         2
 Ignite Poison            Fire/Tmut/Pois 4%         N/A       41%         3
 Inner Flame              Hex/Fire       4%         N/A       41%         3
 Mephitic Cloud           Conj/Pois/Air  4%         N/A       41%         3
 Cause Fear               Hex            2%         N/A       82%         4
 Fulminant Prism          Conj/Hex       2%         3d6       82%         4
 Blade Hands              Tmut           2%         N/A       99%         5
 Freezing Cloud           Conj/Ice/Air   2%         6-21      99%         5
 Irradiate                Conj/Tmut      2%         3d12      99%         5
 Dragon Form              Tmut           2%         N/A       100%        7
 Discord                  Hex            2%         N/A       100%        8


Dungeon Overview and Level Annotations

Branches:
Dungeon (10/15)            Temple (1/1) D:4         Ossuary (visited)
   Lair: D:8-11         Orc: D:9-12

Altars:
Ashenzari
Cheibriados
Dithmenos
Elyvilon
Fedhas
Gozag
Hepliaklqana
Kikubaaqudgha
Makhleb
Nemelex Xobeh
Okawaru
Qazlal
Ru
Sif Muna
Trog
Uskayaw
Vehumet
Xom
Yredelemnul
Zin
The Shining One

Shops:
D:3 :   D:8 (([[=

Annotations:
D:8 3 runed translucent doors, SirDiesAlot's ghost, novice SpEn


Innate Abilities, Weirdness & Mutations

You have very sharp teeth.
Your uncanny sense of smell can sniff out nearby items.
Your experience applies equally to all skills.
You are partially covered in iridescent scales. (AC +2)
You are agile. (Dex +4, Str/Int -1)
Your flesh is heat resistant. (rF+)
You are strong-willed. (Will+)
You passively dampen the noise of your surroundings.


Message History

Aiming: Mindburst
Press: ? - help, Shift-Dir - straight line, f/p - yak
Aim: a yak (severely wounded, chance to affect: 74%)
The yak struggles to resist.
The yak gores you!
Aiming: Mindburst
Press: ? - help, Shift-Dir - straight line, f/p - yak
Aim: a yak (severely wounded, chance to affect: 74%)
The yak's mind is blasted!
The yak gores you.
You shoot a bolt. The bolt hits the yak!!
You kill the yak!
There is an open door, spattered with blood here.
Items here: ))) ††.
Things that are here:
a +0 dagger; an orc corpse
There is an open door, spattered with blood here.
Items here: ))) ††.
Things that are here:
a +0 dagger; a +0 robe
There is an open door, spattered with blood here.
Items here: ))) ††.
A tengu warrior comes into view. It is wielding a +2 long sword.
The tengu warrior shouts!
The tengu warrior unwields a +2 long sword.
The tengu warrior wields a +0 arbalest.
The tengu warrior shoots a bolt.
The bolt misses you.
You shoot a bolt. The bolt hits the tengu warrior!
The tengu warrior is lightly wounded.
The tengu warrior shoots a bolt.
The bolt hits you!!
Your corrosive artefact corrodes you!
You shoot a bolt.
The bolt closely misses the tengu warrior.
The tengu warrior shoots a bolt.
The bolt hits you!
Aiming: Mindburst
Press: ? - help, Shift-Dir - straight line, f/p - tengu warrior
Aim: a tengu warrior, wielding a +0 arbalest and wearing a +0 ring mail (lightly wounded, chance to affect: 58%)
The tengu warrior resists with significant effort.
The tengu warrior shoots a bolt.
The bolt hits you!!
* * * LOW HITPOINT WARNING * * *
You feel better.
The tengu warrior shoots a bolt.
The bolt hits you!!
You die...

,+,,,,,,,,*......................
,*,,,,,,,,*......................
,*,,,,,,,,*.....Q................
,,,,,,*****.....................)
,,,*,,,,,,,......................
~~~~,,,,,,,,.....................
~~~~~,,,,,######....#############
*,,~~~*,,,#....#....#,,,,,,,,,,,*
,*,,~~,,**#....#@...#,,,,,,,,,,,*
**,,~~,,,,#....#....#,,,,,,,,,,,*
,,,~~~,,,,#..).)....#,,,,,,,,,,,+
*,~~~*,,,,#....#)...#,,,,,,,,,,,*
~~~~,,,,,,#....#....#,,,,,,,,,,,*
~~~*,,,,,,#....#....#,,,,,,,,,,,*
,,,,,,****###########************
,,,,,** ******


You could see a tengu warrior.

Vanquished Creatures
  Joseph (D:7)
  2 yaks (D:10)
  A shadow (D:6)
  A steam dragon (D:7)
  Edmund (D:5)
  An acid dragon (D:8)
  Duvessa (D:7)
  2 ice beasts
  An ogre (D:5)
  A centaur (D:7)
  A phantom (D:6)
  3 kobold brigands
  A bullfrog (D:7)
  A scorpion (D:5)
  An elf zombie (Ossuary)
  Dowan (D:7)
  A howler monkey (D:8)
  3 centaur zombies (Ossuary)
  3 human zombies (Ossuary)
  A gnoll bouda (D:6)
  5 hounds
  4 orc priests
  8 orc wizards
  An iguana (D:5)
  A hound zombie (Ossuary)
  3 mummies (Ossuary)
  8 adders
  8 gnolls
  4 white imps
  3 adder zombies (Ossuary)
  A worm (D:5)
  3 dart slugs
  27 orcs
  6 endoplasms
  3 giant cockroaches
  6 goblins
  5 hobgoblins
  4 jackals (D:5)
  20 kobolds
  A quokka (D:2)
  3 ball pythons
  4 bats
  5 frilled lizards
  2 goblin zombies (Ossuary)
  8 hobgoblin zombies (Ossuary)
  4 jackal zombies (Ossuary)
  2 kobold zombies (Ossuary)
  3 orc zombies (Ossuary)
  2 quokka zombies (Ossuary)
  8 rats
  2 rat zombies (Ossuary)
192 creatures vanquished.

Vanquished Creatures (others)
  2 fungi (D:6)
  3 plants (D:6)
5 creatures vanquished.

Grand Total: 197 creatures vanquished

Notes
Turn   | Place    | Note
-------+----------+-------------------------------------------
     0 | D:1      | Reached skill level 10 in Fighting
     0 | D:1      | Reached skill level 10 in Short Blades
     0 | D:1      | NinjaNoafa the Gnoll Wanderer began the quest for the Orb.
     0 | D:1      | NinjaNoafa set off with the following items: a +1 rapier, a
                  | scroll of vulnerability, a potion of invisibility, a +0
                  | robe.
     0 | D:1      | Reached XP level 1. HP: 29/29 MP: 1/1
   149 | D:1      | Reached XP level 2. HP: 36/36 MP: 2/2
   731 | D:2      | Found a bloodstained altar of Trog.
   834 | D:2      | Reached XP level 3. HP: 40/42 MP: 3/3
   896 | D:2      | Reached skill level 1 in Invocations
  1014 | D:2      | Reached skill level 1 in Long Blades
  1014 | D:2      | Reached skill level 1 in Axes
  1014 | D:2      | Reached skill level 1 in Maces & Flails
  1014 | D:2      | Reached skill level 1 in Polearms
  1014 | D:2      | Reached skill level 1 in Staves
  1014 | D:2      | Reached skill level 1 in Ranged Weapons
  1014 | D:2      | Reached skill level 1 in Throwing
  1014 | D:2      | Reached skill level 1 in Armour
  1014 | D:2      | Reached skill level 1 in Dodging
  1014 | D:2      | Reached skill level 1 in Stealth
  1014 | D:2      | Reached skill level 1 in Shields
  1014 | D:2      | Reached skill level 1 in Unarmed Combat
  1014 | D:2      | Reached skill level 1 in Spellcasting
  1014 | D:2      | Reached skill level 1 in Evocations
  1037 | D:2      | Reached XP level 4. HP: 35/48 MP: 5/5
  1051 | D:2      | Reached skill level 1 in Conjurations
  1051 | D:2      | Reached skill level 1 in Hexes
  1051 | D:2      | Reached skill level 1 in Summonings
  1051 | D:2      | Reached skill level 1 in Necromancy
  1051 | D:2      | Reached skill level 1 in Translocations
  1051 | D:2      | Reached skill level 1 in Transmutations
  1051 | D:2      | Reached skill level 1 in Fire Magic
  1051 | D:2      | Reached skill level 1 in Ice Magic
  1051 | D:2      | Reached skill level 1 in Air Magic
  1051 | D:2      | Reached skill level 1 in Earth Magic
  1051 | D:2      | Reached skill level 1 in Poison Magic
  1559 | D:3      | Identified the +7 arbalest of Imminent Death {speed,
                  | *Corrode Will+ Dex+5}
  1627 | D:3      | Reached XP level 5. HP: 54/54 MP: 5/7
  1731 | D:3      | Found a broken altar of Ashenzari.
  1742 | D:3      | Became a worshipper of Ashenzari the Shackled
  1826 | D:3      | Found Qarr's Book Shop.
  1935 | D:3      | Found a faded altar of an unknown god.
  1969 | D:3      | Gained mutation: You are strong-willed. (Will+) [potion of
                  | mutation]
  1969 | D:3      | Gained mutation: You have hidden genetic potential. [potion
                  | of mutation]
  1969 | D:3      | Gained mutation: You are partially covered in iridescent
                  | scales. (AC +2) [potion of mutation]
  1969 | D:3      | Gained mutation: Your flesh is heat resistant. (rF+)
                  | [potion of mutation]
  2459 | D:4      | Found a staircase to the Ecumenical Temple.
  2467 | D:4      | Reached XP level 6. HP: 61/61 MP: 8/8
  2471 | Temple   | Entered the Ecumenical Temple
  2856 | D:4      | Gained mutation: You are agile. (Dex +4, Str/Int -1)
                  | [hidden potential]
  3031 | D:5      | Entered Level 5 of the Dungeon
  3158 | D:5      | Found a sacrificial altar of Ru.
  3169 | D:5      | Reached XP level 7. HP: 67/67 MP: 10/10
  3178 | D:5      | Gained mutation: You passively dampen the noise of your
                  | surroundings. [hidden potential]
  3178 | D:5      | Lost mutation: You have hidden genetic potential. [hidden
                  | potential expressed]
  3253 | D:5      | Noticed Edmund
  3267 | D:5      | Killed Edmund
  3389 | D:5      | Found a sand-covered staircase.
  3395 | Ossuary  | Entered an ossuary
  3606 | Ossuary  | Reached XP level 8. HP: 74/74 MP: 12/12
  3784 | D:5      | Identified the +2 robe "Ziluul" {*Corrode rC+++ Will++
                  | Stlth-}
  4352 | D:6      | Found a snail-covered altar of Cheibriados.
  4353 | D:6      | Found an ancient bone altar of Kikubaaqudgha.
  4537 | D:6      | Noticed a shadow
  4542 | D:6      | Killed a shadow
  4827 | D:6      | Found a blossoming altar of Fedhas.
  5041 | D:7      | Reached XP level 9. HP: 65/81 MP: 14/14
  5330 | D:7      | Noticed Dowan
  5332 | D:7      | Noticed Duvessa
  5332 | D:7      | Killed Dowan
  5337 | D:7      | Killed Duvessa
  5552 | D:7      | Noticed Joseph
  5576 | D:7      | Killed Joseph
  5766 | D:8      | Found Hiutuxkai's Jewellery Boutique.
  5779 | D:8      | Reached skill level 5 in Invocations
  5810 | D:8      | Found Zakejydyla's Armour Emporium.
  5830 | D:8      | Found a runed translucent gate.
  5830 | D:8      | Found a runed translucent gate.
  5831 | D:8      | Found a runed translucent gate.
  5831 | D:8      | Found an opulent altar of Gozag.
  5832 | D:8      | Noticed SirDiesAlot's ghost (novice SpEn)
  5969 | D:8      | Learned a level 1 spell: Magic Dart
  6151 | D:8      | Found Ajenaxaf's Weapon Shoppe.
  6219 | D:8      | Found Jitruim's Antique Weapon Shop.
  6645 | Temple   | Fell from the grace of Ashenzari
  6645 | Temple   | Became a worshipper of the Shining One
  6923 | D:8      | Found Nesoam's Antique Armour Emporium.
  6936 | D:8      | Bought a runed helmet for 270 gold pieces
  7150 | D:10     | Entered Level 10 of the Dungeon
  7504 | D:10     | Noticed a tengu warrior
  7508 | D:10     | Shot with a bolt by a tengu warrior

Illustrated notes

Levels and vault maps discovered:
D:1:      mrwooster_arrival_statue_3, layout_basic, item_on_display_a
D:2:      layout_basic, basic_altar
D:3:      cheibrodos_pilgrimage, layout_rooms, cheibrodos_ashenzari_chains,
          hellmonk_ecumenical_altar_inner_sanctum, serial_shops,
          nicolae_shop_hallway_plus
D:4:      layout_basic, minmay_temple_entry_arrows
D:5:      layout_basic, overflow_temple_1_default,
          lightli_ossuary_entry_decrepit_ruins, uniq_edmund
D:6:      layout_basic, fedhas_altar_3, nicolae_overflow_squiral
D:7:      layout_rooms, uniq_duvessa, uniq_joseph
D:8:      layout_loops_corners, serial_shops, nicolae_take_the_stairs,
          nicolae_square_shop, nicolae_shop_stone, kennysheep_mini_moat, shop,
          ebering_ghost_gozag
D:9:      layout_irregular_city, enter_bailey_2, lemuel_flamethrower_2
D:10:     layout_grid_maze, mainiacjoe_overflow_24_doors,
          chequers_serial_rivers_large_a, hangedman_misty_isle
Temple:   minmay_temple_bridge_d

Skill      XL: |  1  2  3  4  5  6  7  8  9 |
---------------+----------------------------+-----
Fighting       | 11 | 11.5
Short Blades   | 11 | 11.5
Invocations    | 1 2 3 4 5 |  5.4
Long Blades    | 1 2 3 4 |  4.9
Axes           | 1 2 3 4 |  4.9
Maces & Flails | 1 2 3 4 |  4.9
Polearms       | 1 2 3 4 |  4.9
Staves         | 1 2 3 4 |  4.9
Ranged Weapons | 1 2 3 4 |  4.9
Throwing       | 1 2 3 4 |  4.9
Armour         | 1 2 3 4 |  4.9
Dodging        | 1 2 3 4 |  4.9
Stealth        | 1 2 3 4 |  4.9
Shields        | 1 2 3 4 |  4.9
Unarmed Combat | 1 2 3 4 |  4.9
Spellcasting   | 1 2 3 4 |  4.9
Evocations     | 1 2 3 4 |  4.9
Conjurations   | 1 2 3 4 |  4.1
Hexes          | 1 2 3 4 |  4.1
Summonings     | 1 2 3 4 |  4.1
Necromancy     | 1 2 3 4 |  4.1
Translocations | 1 2 3 4 |  4.1
Transmutations | 1 2 3 4 |  4.1
Fire Magic     | 1 2 3 4 |  4.1
Ice Magic      | 1 2 3 4 |  4.1
Air Magic      | 1 2 3 4 |  4.1
Earth Magic    | 1 2 3 4 |  4.1
Poison Magic   | 1 2 3 4 |  4.1

Action                   |  1- 3 |  4- 6 |  7- 9 || total
-------------------------+-------+-------+-------++-------
Melee: Rapier            |    71 |    42 |    52 ||   165
       Bite              |     5 |     4 |     9 ||    18
       Punch             |     3 |       |     1 ||     4
       Dagger            |       |       |    16 ||    16
 Fire: Arbalest          |       |    56 |   179 ||   235
Throw: Boomerang         |       |    18 |       ||    18
       Javelin           |       |       |     4 ||     4
Evoke: Wand              |       |       |     3 ||     3
  Use: Potion            |     6 |     3 |     5 ||    14
       Scroll            |     1 |     7 |     7 ||    15
 Stab: Sleeping          |     5 |     1 |     1 ||     7
       Invisible         |     1 |       |       ||     1
Armor: Robe              |    13 |     9 |    27 ||    49
Dodge: Dodged            |    37 |    50 |    70 ||   157

Table legend: (Time is in decaauts)
 A = Elapsed time spent in this place.
 B = Non-inter-level travel time spent in this place.
 C = Inter-level travel time spent in this place.
 D = Time resting spent in this place.
 E = Time spent auto-exploring this place.
 F = Levels seen in this place.
 G = Mean time per level.
                   A        B        C        D        E       F      G
               +--------+--------+--------+--------+--------+-----+--------+
         Total |   7494 |   6939 |    555 |    222 |   5425 |  12 |  624.5 |
       Dungeon |   6779 |   6370 |    409 |    222 |   5030 |  10 |  677.9 |
        Temple |    416 |    270 |    146 |      0 |    214 |   1 |  416.0 |
       Ossuary |    298 |    298 |      0 |      0 |    181 |   1 |  298.0 |
               +--------+--------+--------+--------+--------+-----+--------+

Top non-repeatable levels by time:
     D:8: 1081 daAuts
     D:6: 990 daAuts
     D:3: 932 daAuts
     D:5: 794 daAuts
     D:2: 759 daAuts
     D:7: 731 daAuts
     D:1: 668 daAuts
     D:4: 460 daAuts
  Temple: 416 daAuts
    D:10: 357 daAuts
 Ossuary: 298 daAuts
     D:9: 5 daAuts
